Cogmind - Beta 15 @@@ ROGUE MODE // 2025.05.26 @ 00:18:08 Player: Skysub Result: Destroyed by H-55 Commando with Assault Rifle Performance ------------- Evolutions (0) 0 Regions Visited (3) 600 Robots Destroyed (19) 95 Value Destroyed (514) 514 Prototype IDs (11) 220 Alien Tech Used (0) 0 Bonus (0) 0 TOTAL SCORE: 1429 Bonus ------- None Cogmind --------- Core Integrity 0/250 Matter 159/300 Energy 275/275 System Corruption 2% Temperature Cool (62) Movement Rolling (120) Ox1 Location -7/Recycling Parts ------- > --- POWER (1) -------- Deuterium Engine > --- PROPULSION (2) --- Spiked Treads Subdweller Monowheel > --- UTILITY (2) ------ Large Storage Unit Structural Scanner > --- WEAPON (2) ------- Subdweller Laser Barrage Gun > --- INVENTORY (15) --- Ion Engine Subdweller Power Source Light Treads Subdweller Monowheel Subdweller Monowheel Small Storage Unit Subdweller Optics Improved Propulsion Shielding Makeshift Light Armor Plating Gun Armor Makeshift Kinetic Plating Subdweller Beam Cannon Subdweller Machine Gun Subdweller Machine Gun Peak State ------------ > --- POWER ------------ Deuterium Engine > --- PROPULSION ------- Spiked Treads Subdweller Monowheel > --- UTILITY ---------- Large Storage Unit Makeshift Light Armor Plating > --- WEAPON ----------- Barrage Gun Grenade Launcher > --- INVENTORY -------- Ion Engine Subdweller Power Source Light Treads Subdweller Monowheel Subdweller Monowheel Small Storage Unit Structural Scanner Subdweller Optics Improved Propulsion Shielding Gun Armor Makeshift Kinetic Plating Subdweller Laser Subdweller Beam Cannon Subdweller Machine Gun Subdweller Machine Gun [Rating: 19] Favorites ----------- Power Light Ion Engine Engine Light Ion Engine Propulsion Light Treads Treads Light Treads Wheel Subdweller Monowheel Utility Large Storage Unit Device Structural Scanner Storage Large Storage Unit Protection Makeshift Light Armor Plating Weapon Grenade Launcher Energy Gun Medium Laser Energy Cannon Subdweller Beam Cannon Ballistic Gun Subdweller Machine Gun Launcher Grenade Launcher Special Weapon Mining Laser Build | -11 -10 -10 -7 ------- Run | Yrd Mat Sub Rec Slots Evolved . | . . . . Power . | . . . . Propulsion . | . . . . Utility . | . . . . Weapon . | . . . . Parts Attached 22 | 7 3 10 2 Power 2 | 1 . . 1 Engine 2 | 1 . . 1 Core . | . . . . Reactor . | . . . . Propulsion 4 | 2 . 2 . Treads 3 | 2 . 1 . Leg . | . . . . Wheel 1 | . . 1 . Hover . | . . . . Flight . | . . . . Utility 4 | 1 2 1 . Device 1 | . 1 . . Storage 2 | 1 1 . . Processor . | . . . . Hackware . | . . . . Protection 1 | . . 1 . Artifact . | . . . . Weapon 12 | 3 1 7 1 Energy Gun 4 | 3 . . 1 Energy Cannon 1 | . . 1 . Ballistic Gun 4 | . . 4 . Ballistic Cannon . | . . . . Launcher 2 | . 1 1 . Special Weapon 1 | . . 1 . Impact Weapon . | . . . . Slashing Weapon . | . . . . Piercing Weapon . | . . . . Special Melee Weapon . | . . . . Unidentified Prototypes . | . . . . Parts Lost 6 | . . 5 1 Power 1 | . . 1 . Propulsion 1 | . . 1 . Utility . | . . . . Weapon 4 | . . 3 1 Highest Loss Streak 2 | . . 2 1 To Critical Strikes . | . . . . Average Backups 11 | 2 5 12 14 Power 1 | . 1 1 2 Propulsion 2 | 1 2 2 3 Utility 2 | . . 3 5 Weapon 4 | . 2 4 3 Tool/Special . | . . . . Unused Backups 10 | . . 2 8 Power 2 | . . . 2 Propulsion 4 | . . 2 2 Utility 4 | . . . 4 Weapon . | . . . . Tool/Special . | . . . . Average Slot Usage (%) 95 | . 96 95 96 Engine 10 | . 14 9 10 Treads 26 | . 28 27 14 Wheel 1 | . . . 14 Device 12 | . 10 13 4 Storage 14 | . 14 14 14 Energy Gun 3 | . 16 1 . Energy Cannon 1 | . . 1 . Ballistic Gun 7 | . . 9 14 Launcher 13 | . 12 13 14 Special Weapon 1 | . . 1 . Peak Build Rating 19 | 6 7 16 19 Average Rating 9 | 4 6 9 17 On Entrance 7 | . 6 7 16 Naked Turns . | . . . . Heaviest Build 39 | 11 29 32 39 Greatest Support 40 | 40 40 40 20 Greatest Overweight (x) 1 | . 1 1 1 Average Overweight (x) . | . . . 1 Largest Inventory Capacity 15 | 8 15 15 15 Average Capacity 14 | 6 12 15 15 Most Carried 15 | 3 7 15 15 Average Carried 11 | 2 5 12 14 Final Capacity 15 | 8 15 15 15 Final Carried 14 | 3 7 14 14 Class Distribution -------------------- 93% | Mutant 6% | Derelict-Mutant Dominant Class ---------------- Mutant | -10/Materials Mutant | -10/Subcaves Derelict-Mutant | -7/Recycling Resources | -11 -10 -10 -7 ----------- Run | Yrd Mat Sub Rec Matter Collected 760 | 236 24 449 51 Remotely . | . . . . Salvage Created 329 | . 87 200 42 Parts 31 | . 12 16 3 Haulers Intercepted . | . . . . Recyclers Shooed . | . . . . Parts Field Recycled . | . . . . Retrieved Matter . | . . . . Parts Self-Destructed 24 | . . 24 . Prevented . | . . . . Kills | -11 -10 -10 -7 ------- Run | Yrd Mat Sub Rec Combat Hostiles Destroyed 17 | . 4 12 1 Guns 4 | . . 3 1 Cannons 1 | . . 1 . AOE 12 | . 4 8 . Classes Destroyed 5 | . 3 1 1 Builder 2 | . 2 . . Swarmer 7 | . 3 4 . Grunt 1 | . 1 . . Programmer 1 | . . . 1 Subdweller 8 | . . 8 . Best Kill Streak 5 | . 5 3 1 Combat Bots Only 4 | . 4 3 1 Max Kills in Single Turn 3 | . 1 3 1 Gunslinging . | . . . . Exploded 3 | . 1 3 . Melee . | . . . . Uniques/NPCs Destroyed . | . . . . Combat | -11 -10 -10 -7 -------- Run | Yrd Mat Sub Rec Hostile Shots Fired 144 | . 14 118 12 Missed 58 | . 4 50 4 Hits 86 | . 10 68 8 Projectile 86 | . 10 68 8 Part Disruptions 2 | . 2 . . Damage Taken 1137 | . 127 883 127 Core 255 | . 29 176 50 Absorbed by Shields . | . . . . Core Remaining (%) 100 | 100 . . . Volleys Fired 72 | . 8 62 2 Largest 2 | . 2 2 2 Hottest 110 | . 80 110 88 Shots Fired 91 | . 15 72 4 Gun 45 | . 8 33 4 Cannon 6 | . . 6 . Launcher 38 | . 7 31 . Special 2 | . . 2 . Kinetic 35 | . . 33 2 Thermal 18 | . 8 8 2 Explosive 38 | . 7 31 . Electromagnetic . | . . . . Robot Hit Streak 14 | . 4 14 2 Robot Miss Streak 3 | . 2 3 1 Penetration Max . | . . . . Secondary Targets . | . . . . Shots Hit Robots 53 | . 9 42 2 Core Hits 29 | . 8 20 1 Critical Kills . | . . . . Critical Parts Destroyed . | . . . . Critical Strikes . | . . . . Melee Attacks . | . . . . Impact . | . . . . Slashing . | . . . . Piercing . | . . . . Sneak Attacks . | . . . . Combat Hostiles . | . . . . Follow-up Attacks . | . . . . Damage Inflicted 2125 | . 401 1684 40 Guns 360 | . 37 285 38 Cannons 59 | . . 59 . Explosions 1692 | . 355 1337 . Melee . | . . . . Ramming 14 | . 9 3 2 Kinetic 300 | . . 285 15 Thermal 119 | . 37 59 23 Explosive 1665 | . 328 1337 . Electromagnetic 27 | . 27 . . Impact . | . . . . Slashing . | . . . . Piercing . | . . . . Highest Corruption 2 | . 1 1 2 Average Corruption 1 | . 1 1 1 Corruption Purged . | . . . . Corruption Blocked . | . . . . Effects 17 | . 1 14 2 Message Errors 5 | . 1 3 1 Matter Fused 4 | . . 3 1 Heat Flow Errors 1 | . . 1 . Energy Discharges 3 | . . 3 . Data Loss (minor) 2 | . . 2 . Misfires 1 | . . 1 . Alerts 1 | . . 1 . Overload Shots . | . . . . Overflow Damage 57 | . 12 45 . Projectiles . | . . . . Explosions 57 | . 12 45 . Melee . | . . . . Knockbacks . | . . . . Impact . | . . . . Kinetic . | . . . . Secondary . | . . . . Self-Inflicted Damage 97 | . 33 63 1 Shots 5 | . 2 3 . Rammed 4 | . 2 1 1 Targets Rammed 4 | . 2 1 1 Kicked . | . . . . Crushed . | . . . . Highest Temperature 175 | . 72 175 81 Average Temperature 40 | . 30 80 50 Received Heat Transfer 336 | . 36 300 . Siege Activations . | . . . . Martial Activations . | . . . . Shielding Activations . | . . . . Robots Disrupted . | . . . . Combat Hostiles . | . . . . Robots Corrupted . | . . . . Combat Hostiles . | . . . . Parts Fried . | . . . . Impact Corruptions . | . . . . Robots Melted . | . . . . Combat Hostiles . | . . . . Parts Melted . | . . . . Heat Transferred 210 | . 111 74 25 Parts Sabotaged . | . . . . Parts Stolen . | . . . . Parts Stripped . | . . . . Power Chain Reactions . | . . . . Alert | -11 -10 -10 -7 ------- Run | Yrd Mat Sub Rec Maximum Alert Level . | . . . . Low Security (%) 100 | 100 100 . 100 Level 1 . | . . . . Level 2 . | . . . . Level 3 . | . . . . Level 4 . | . . . . Level 5 . | . . . . High Security . | . . . . Max Security . | . . . . Peak Influence 166 | . 166 . 44 Initial 44 | . . . 44 Average 43 | . 64 . 12 Influence Increases 360 | . 230 110 20 Destroy 0b10 Robot/C 180 | . 80 80 20 Destroy 0b10 Robot/NC 10 | . 10 . . Destroy Leader 20 | . 20 . . Successful Hack 11 | . 11 . . Select Force Hacks 30 | . 30 . . Disable Machine 30 | . 30 . . Destroy Structure 49 | . 49 . . Lose Combat Pursuer 30 | . . 30 . Influence Decreases 340 | . 176 71 93 Entered New Map 75 | . . 26 49 Time Decay 255 | . 176 35 44 Lost Part 10 | . . 10 . Squads Dispatched 1 | . 1 . . Investigation 1 | . 1 . . Extermination . | . . . . Reinforcement . | . . . . Assault . | . . . . Garrison . | . . . . Intercept . | . . . . Searches Triggered . | . . . . Construction Impeded . | . . . . Haulers Reinforced . | . . . . Active Scanning Responses . | . . . . Cargo Convoy Interrupts . | . . . . Stealth | -11 -10 -10 -7 --------- Run | Yrd Mat Sub Rec Distress Signals . | . . . . Communications Jammed . | . . . . Distress Signals . | . . . . Times Spotted 26 | . 5 18 3 Peak Tracking Total 6 | . 3 6 3 Tactical Retreats 4 | . . 4 . Traps | -11 -10 -10 -7 ------- Run | Yrd Mat Sub Rec Traps Triggered . | . . . . Indirectly . | . . . . Trap Hack Attempts . | . . . . Triggered . | . . . . Disarmed . | . . . . Reprogrammed . | . . . . Reused . | . . . . Traps Extracted . | . . . . Installed . | . . . . Triggered . | . . . . Machines | -11 -10 -10 -7 ---------- Run | Yrd Mat Sub Rec Machines Disabled 4 | . 3 1 . Max in Single Turn 2 | . 2 1 . Machines Repaired . | . . . . Machines Dismantled . | . . . . Machines Sabotaged . | . . . . Overloaded Fab Kills . | . . . . Hacking | -11 -10 -10 -7 --------- Run | Yrd Mat Sub Rec Machines Accessed 5 | . 2 2 1 Terminals 2 | . 1 . 1 Fabricators . | . . . . Repair Stations . | . . . . Recycling Units 1 | . 1 . . Scanalyzers . | . . . . Garrison Access . | . . . . Total Hacks 15 | . 7 6 2 Successful 11 | . 5 6 . Failed 4 | . 2 . 2 Catastrophic . | . . . . Database Lockouts . | . . . . Manual 6 | . 4 . 2 Terminals 4 | . 2 . 2 Fabricators . | . . . . Repair Stations . | . . . . Recycling Units 5 | . 5 . . Scanalyzers . | . . . . Garrison Access . | . . . . Terminal Hacks 7 | . 1 6 . Record 5 | . . 5 . Zone Layout 1 | . 1 . . Proto ID Catalog 1 | . . 1 . Fabricator Hacks . | . . . . Repair Station Hacks . | . . . . Recycling Unit Hacks 2 | . 2 . . Report Inventory 1 | . 1 . . Retrieve Components 1 | . 1 . . Scanalyzer . | . . . . Garrison Access Hacks . | . . . . Unauthorized Hacks 2 | . 2 . . Terminals 1 | . 1 . . Botnet 1 | . 1 . . Fabricators . | . . . . Repair Stations . | . . . . Recycling Units 1 | . 1 . . Tunnel 1 | . 1 . . Scanalyzers . | . . . . Garrison Access . | . . . . Data Cores Recovered . | . . . . Used . | . . . . Hacking Detections 1 | . . . 1 Full Trace Events . | . . . . Feedback Events . | . . . . Feedback Blocked . | . . . . Robot Schematics Acquired . | . . . . Robots Built . | . . . . Authchips . | . . . . Time . | . . . . Total Robot Build Rating . | . . . . Part Schematics Acquired . | . . . . Parts Built . | . . . . Authchips . | . . . . Time . | . . . . Total Part Build Rating . | . . . . Parts Repaired . | . . . . Time . | . . . . Parts Recycled . | . . . . Recycled Matter . | . . . . Retrieved Matter . | . . . . Retrieved Components 3 | . 3 . . Parts Scanalyzed . | . . . . Part Schematics Acquired . | . . . . Parts Damaged . | . . . . Bothacking | -11 -10 -10 -7 ------------ Run | Yrd Mat Sub Rec Used RIF Installer . | . . . . Robots Hacked . | . . . . Non-combat . | . . . . Combat . | . . . . Robot Hacks Applied . | . . . . Relay Couplers Released . | . . . . Fabnet Peak Effective % . | . . . . Robots Rewired . | . . . . Allies Hacked . | . . . . Hacks Repelled . | . . . . Allies | -11 -10 -10 -7 -------- Run | Yrd Mat Sub Rec Total Allies . | . . . . Largest Group . | . . . . Highest-Rated Group . | . . . . Highest-Rated Ally . | . . . . Total Orders . | . . . . Ally Attacks . | . . . . Total Damage . | . . . . Kills . | . . . . Allies Corrupted . | . . . . Allies Melted . | . . . . Intel | -11 -10 -10 -7 ------- Run | Yrd Mat Sub Rec Active Infowar (turns) 2449 | . 382 2006 61 Structural 2449 | . 382 2006 61 Robot Analysis Total . | . . . . Derelict Logs Recovered . | . . . . Drone Launches . | . . . . Drone Recoveries . | . . . . Exploration | -11 -10 -10 -7 ------------- Run | Yrd Mat Sub Rec Turns Passed 2796 | 87 476 2027 206 Spaces Moved 1428 | 55 176 1036 161 Core 13 | 13 . . . Treads 1239 | 42 176 1021 . Legs . | . . . . Wheels 176 | . . 15 161 Hover . | . . . . Flight . | . . . . Fastest Speed 50 | 50 160 120 120 Average Speed 172 | 134 188 179 120 Slowest Speed 240 | 160 240 240 120 Overloaded Moves . | . . . . Propulsion Burnouts . | . . . . Robots Hopped . | . . . . Potential Cave-ins . | . . . . Cave-ins Triggered . | . . . . Exploration Rate (%) 30 | 4 37 57 22 Regions Visited 3 Branch Regions 2 Pre-discovered Areas 2 | . 1 1 . Known Exits Taken 1 | . . 1 . Unknown Exits Taken 2 | 1 1 . . Scrap Searched 12 | . . 12 . Spaces Dug 8 | . . 8 . Terrain Destroyed 157 | . 44 113 . Melee . | . . . . Projectile 1 | . . 1 . AOE 156 | . 44 112 . Terrain Rammed . | . . . . Walls Destroyed . | . . . . Machines Disabled . | . . . . Actions | -11 -10 -10 -7 --------- Run | Yrd Mat Sub Rec Total 1665 | 66 303 1128 168 Wait 112 | . 112 . . Move 1425 | 54 175 1035 161 Hop . | . . . . Pick Up 22 | 3 3 15 1 Fast Attach 9 | 7 1 . 1 Attach 5 | . . 4 1 Detach 1 | 1 . . . Swap 10 | . 2 7 1 Drop 5 | 1 . 4 . Fire 72 | . 8 62 2 Melee . | . . . . Ram 1 | . . . 1 Kick . | . . . . Crush 3 | . 2 1 . Escape Stasis . | . . . . Rewire . | . . . . Trap . | . . . . Miscellaneous . | . . . . Route ------- -11/Scrapyard -10/Materials (discovered 4 exits: [*Mat] / [*Min x2] / *Sub) -10/Subcaves (discovered 3 exits: *Mat x2 / *Rec) -7/Recycling History --------- Turn | Location | Event 11 | -11/Scrapyard | Discovered new exit (range 16) 88 | -11/Scrapyard | Entered Materials 161 | -10/Materials | Discovered new exit (range 10) 275 | -10/Materials | Discovered new exit (range 10) 300 | -10/Materials | Build established: Mutant 395 | -10/Materials | Discovered new exit (range 9) 506 | -10/Materials | Discovered new exit (range 9) 564 | -10/Materials | Entered Subcaves 565 | -10/Subcaves | Approached by a straggling Scientist 756 | -10/Subcaves | Visited 4L-MR0's lab 783 | -10/Subcaves | Found Gun Armor 930 | -10/Subcaves | Disturbed a concealed Subdweller 1080 | -10/Subcaves | Visited Clippyterm 1087 | -10/Subcaves | Identified exit to Recycling 1087 | -10/Subcaves | Identified exit to Materials 1087 | -10/Subcaves | Learned location of Section 7 (-2) 1278 | -10/Subcaves | A swath of the cavern ceiling suddenly collapsed 1328 | -10/Subcaves | Shifting Twisted Machinery released Sub. Beam Cannon 1396 | -10/Subcaves | Shifting Twisted Machinery released Mak. Light Armor Plating 1866 | -10/Subcaves | A swath of the cavern ceiling suddenly collapsed 2152 | -10/Subcaves | Core integrity fell below 50% 2590 | -10/Subcaves | Core integrity fell below 20% 2591 | -10/Subcaves | Entered Recycling 2797 | -7/Recycling | Destroyed by H-55 Commando with Assault Rifle Last Messages --------------- Acquired 3 matter. Acquired 4 matter. Flight Unit fries itself beyond repair. LOCATION=RECYCLING GOAL=ESCAPE Acquired 51 matter. Acquired Imp. Propulsion Shielding. Acquired Deuterium Engine. Connecting with Terminal... BA0SDIEG AIQ:3>3SIYK System corrupted: Matter fused (-7). Slammed into R-06 Scavenger. Destabilizing: Core damaged (-2). H-55 Commando springs to life. P-60 Hacker springs to life. Slug penetrates Wall. Grenade Launcher destroyed. P-60 Hacker destroyed. R-06 Scavenger collects Shock Rifle. R-06 Scavenger collects Remote Datajack. Map ----- +----------------------------------------------------+ | ?????????????????????????????????????????????????? | | ?????????????????????????????????????????????????? | | ?????????????????????????????????????????????????? | | ?????????????????????????????????????????????????? | | ?????????????????????????????????????????????????? | | ?????????????????????????????????????????????????? | | ?????????????????????????????????????####????????? | | ?????????????????????????????????#############???? | | ?????????????????????????????????##### #######???? | | ?????????????????????????????????## ##???? | | ?????????????????????????????????## ##???? | | ????????????????????????????####### ##???? | | ????????????????????????????####### ##???? | | ????????????????????????????## + ##???? | | ????????????????????????????## #### ##???? | | ????????????????????????????## #### ##???? | | ????????????????????????????## #### ##???? | | ????????????????????????????## ###############???? | | ????????????????????????????## ###############???? | | ????????????????????????????## ##??????####??????? | | ????????????????????????????## ###############???? | | ????????????????????????????## # #???? | | ????????????????????????????## # #???? | | ???????????? ########## # #???? | | ????????????###+############## # """ """ """ #???? | | ?????? r h= @ + """ """ ""??????? | | ???????????? ########r######## # """ """ ????????? | | ???????????? ###### ####### #########?????????? | | ?????????????????## ! =##???## ########??????????? | | ?????????????????## #######+####?##########???? | | ?????????????????## [ ### #?# #???? | | ?????????????????## !=### ### ] #???? | | ?????????????????##!!!!### ## ! #???? | | ?????????????????## ### ### #???? | | ?????????????????## ### #?# #???? | | ?????????????????## !### #?# ] #???? | | ?????????????????## ### #?# ![ #???? | | ?????????????????######### #?# #???? | | ?????????????????#####""## #?# [ #???? | | ?????????????????? ###T"#######+######+##+######?? | | ????????????????? #?? | | ????????????????? #?? | | ????????????????? #?? | | ??????????????????"Y"#########""" """####+######?? | | ?????????????????????????????#"""T"""# #??? | | ?????????????????????????????######### #??? | | ?????????????????????????????????????# #??? | | ?????????????????????????????????????# #??? | | ?????????????????????????????????????# #??? | | ?????????????????????????????????????# #??? | +----------------------------------------------------+ Best States ------------- Heat Dissipation 25 Energy Generation 14 Energy Capacity 275 Matter Stores 300 Matter Capacity 300 Sight Range 16 Terrain Scan Density 10 Armor Coverage 100 Evasion (%) 40 Recoil Reduction 2 Item Schematics ----------------- None Robot Schematics ------------------ None Fabricated ------------ Nothing Repaired ---------- Nothing Alien Tech Used ----------------- None Achievements -------------- None Challenges ------------ None Game ------ Seed NetworkEnergyHammer Manual? 0 Play Time 00:18:41 Cumulative 99.8 hours Start 2025.05.26 @ 00:00:23 End 2025.05.26 @ 00:18:08 Sessions 1 Manual Loads 0 Difficulty Rogue Special Mode None Game No. 106 Rogue 106 Adventurer 0 Explorer 0 Win Type - Total 2 Types 1/0/0/1/0/0/0/0/0/0 Lore% 54 Gallery% 53 Achievement% 47 Wizard Run 0 Options --------- Layout 1 ASCII 0 Keyboard 1 Movement Arrows Keybinds 0 Fullscreen 1 Font 24/Smallcaps Map View 50x35 Zoom Use 3% Tactical HUD 0 Map Filters NONE Filters NONE Steam 1 RUN: 9fb7c277-56f7-445f-a645-2e7f6f215f60